 Dungeon Crawl Stone Soup version 0.19-a0-1883-gc9e4fd8 (webtiles) character file.

107 JeffiDaFish the Sneak (level 4, -5/31 HPs)
             Began as a Vampire Enchanter on Oct 14, 2016.
             Slain by a river rat (6 damage)
             ... summoned by pokedragonboy's ghost
             ... on level 3 of the Dungeon.
             The game lasted 00:11:47 (2694 turns).

JeffiDaFish the Sneak (Vampire Enchanter)           Turns: 2694, Time: 00:11:47

Health: -5/31      AC:  3    Str:  8    XL:     4   Next: 56%
Magic:  7/7        EV: 13    Int: 17    God:
Gold:   162        SH:  0    Dex: 14    Spells: 3 memorised, 1 level left

rFire  . . .     SeeInvis +     a - +3 dagger
rCold  + . .     Gourm    .     b - +1 robe
rNeg   + + .     Faith    .     (no shield)
rPois  +         Spirit   .     (no helmet)
rElec  .         Dismiss  .     (no cloak)
rCorr  .         Reflect  .     (no gloves)
MR     +....     Harm     .     (no boots)
Stlth  ++++......               (no amulet)
                                j - ring of flight
                                i - ring of see invisible

@: exhausted, regenerating slowly, slowed, very slow
A: fangs 3, see invisible, berserk 1, magic resistance 1, unbreathing
a: Bat Form, Evoke Flight


You were on level 3 of the Dungeon.
You were thirsty.

You visited 1 branch of the dungeon, and saw 3 of its levels.

You collected 162 gold pieces.

Inventory:

Hand Weapons
 a - a +3 dagger (weapon)
Armour
 b - a +1 robe (worn)
Jewellery
 i - a ring of see invisible (left hand)
 j - a ring of flight (right hand)
Scrolls
 e - 2 scrolls of identify
 f - 2 scrolls of magic mapping
 h - a scroll of remove curse
 k - a scroll of recharging
 l - a scroll of teleportation
Potions
 d - 10 potions of blood
 g - 2 potions of curing
Books
 c - a book of Maledictions

   Spells                             Type                      Level
   a - Corona                         Hexes                        1
   b - Ensorcelled Hibernation        Hexes/Ice                    2
   c - Confuse                        Hexes                        3
   d - Tukima's Dance                 Hexes                        3
   e - Dazzling Spray                 Conjuration/Hexes            3


   Skills:
 + Level 0.8 Fighting
 + Level 2.0 Short Blades
 + Level 2.5 Dodging
 + Level 5.6 Stealth
 + Level 2.4 Spellcasting
 + Level 5.4 Hexes
 + Level 0.4 Ice Magic


You had one spell level left.
You knew the following spells:

 Your Spells              Type           Power        Failure   Level  Hunger
a - Corona                Hex            ###....      1%          1    #......
b - Ensorcelled Hibernat  Hex/Ice        ##....       10%         2    ##.....
c - Confuse               Hex            ###.....     8%          3    ###....


Dungeon Overview and Level Annotations

Branches:
Dungeon (3/15)

Altars:
Cheibriados
Yredelemnul

Annotations:
D:3 pokedragonboy's ghost, amateur DESu


Innate Abilities, Weirdness & Mutations

You heal slowly.
You have razor-sharp teeth.
You have supernaturally acute eyesight. (SInv)
You can survive without breathing.
You tend to lose your temper in combat.
You are resistant to hostile enchantments. (MR+)


Message History

The crimson imp misses you.
You hit the river rat.
The river rat is moderately wounded.
Pokedragonboy's ghost barely misses you.
The river rat barely misses you.
The crimson imp hits you but does no damage.
Pokedragonboy's ghost casts a spell.
The river rat bites you.
* * * LOW HITPOINT WARNING * * *
Pokedragonboy's ghost gestures wildly while chanting.
The river rat barely misses you. The crimson imp closely misses you.
The quokka bites you but does no damage.
The river rat bites you.
* * * LOW HITPOINT WARNING * * *
The quokka bites you but does no damage.
The quokka bites you.
* * * LOW HITPOINT WARNING * * *
The crimson imp disappears in a puff of smoke!
The quokka misses you. The river rat bites you.
You die...

#.......
#..........# .....#
#.........%# .....#
#########..........#
..####
#.......#..........#
..#
#.......#.##########
..##### #.......#.#
...≈≈≈###.......#.#
..≈≈≈≈†##.......#.#
..≈≈.≈≈_#.).W.5r@.#
#.≈≈≈≈≈##.##.##rr##
...≈≈≈..####†#..##
###.....(W.....##
#######.##...## #
##).....##### #.#^
#.)........#
#^^^^##....>.....#
#_^..'l..........#


You could see pokedragonboy's ghost, a crimson imp, a river rat and 2 quokkas.

Vanquished Creatures
  4 adders
  3 worms (D:2)
  2 dart slugs
  2 leopard geckos
  3 orcs (D:3)
  7 bats
  2 giant cockroaches (D:1)
  6 goblins
  5 hobgoblins
  3 ball pythons
  5 frilled lizards
  6 kobolds
  7 rats
  A spectral orc (D:3)
56 creatures vanquished.

Notes
Turn   | Place    | Note
-------+----------+-------------------------------------------
     0 | D:1      | JeffiDaFish the Vampire Enchanter began the quest for the Orb.
     0 | D:1      | Reached XP level 1. HP: 13/13 MP: 3/3
   555 | D:1      | Reached XP level 2. HP: 11/19 MP: 5/5
   795 | D:1      | Learned a level 2 spell: Ensorcelled Hibernation
   952 | D:2      | Reached skill level 5 in Stealth
  1155 | D:2      | Reached skill level 5 in Hexes
  1170 | D:2      | Reached XP level 3. HP: 23/25 MP: 6/6
  1689 | D:2      | Gained mutation: You tend to lose your temper in combat. [potion of mutation]
  1689 | D:2      | Gained mutation: You are resistant to hostile enchantments. (MR+) [potion of mutation]
  1812 | D:2      | Learned a level 3 spell: Confuse
  1996 | D:3      | Reached XP level 4. HP: 28/31 MP: 2/7
  2127 | D:3      | Found a snail-covered altar of Cheibriados.
  2477 | D:3      | Found a basalt altar of Yredelemnul.
  2585 | D:3      | Noticed pokedragonboy's ghost (amateur DESu)
  2693 | D:3      | HP: 1/31 [quokka[pokedragonboy's ghost] (1)]
  2694 | D:3      | Slain by a river rat

Vault maps used:
D:1:      tarquinn_simple_flora_water_e, grunt_decor_clamped,
          minmay_shallow_snake_nest
D:3:      yredelemnul_forgotten_temple_becter, nicolae_overflow_crystal_walls,
          fedhas_altar_fruit_tree, serial_aquarium, aquarium_bridge_straight,
          aquarium_window_1, aquarium_window_corner, aquarium_window_fake,
          aquarium_view_2g, kennysheep_slug_shrine

Skill      XL: |  1  2  3  4 |
---------------+-------------+-----
Stealth        | 5 |  5.6
Hexes          | 5 |  5.4
Short Blades   | 2 |  2.0
Fighting       | |  0.8
Dodging        | |  2.5
Spellcasting   | |  2.4
Ice Magic      | |  0.4

Action                   |  1- 3 |  4- 6 || total
-------------------------+-------+-------++-------
Melee: Dagger            |   104 |    74 ||   178
       Bite              |     3 |    11 ||    14
 Cast: Ensorcelled Hiber |    12 |     5 ||    17
  Use: Scroll            |     6 |     1 ||     7
       Potion            |     7 |     3 ||    10
 Stab: Sleeping          |    11 |     2 ||    13
Armor: Robe              |    23 |    26 ||    49
Dodge: Dodged            |    84 |    52 ||   136
